 Dungeon Crawl Stone Soup version 0.28-b1-25-g9875b3fc8c (webtiles) character file.

Game seed: 7020524646054396512

30858 cayde69 the Eye of the Storm (level 13, -1/114 HPs)
             Began as a Deep Dwarf Fighter on Jan 31, 2022.
             Was a Priest of Qazlal.
             Slain by a bunyip (3 damage)
             ... while petrified by Jorgrun
             ... on level 1 of the Swamp on Feb 1, 2022.
             The game lasted 01:27:00 (12858 turns).

cayde69 the Eye of the Storm (Deep Dwarf Fighter)  Turns: 12858, Time: 01:27:00

Health: -1/114     AC: 17    Str: 23 (24) XL:     13   Next: 22%
Magic:  21/21 (12) EV: -1    Int: 10      God:    Qazlal [***...]
Gold:   802        SH:  0    Dex: 13 (15) Spells: 12/12 levels left

rFire   . . .      SeeInvis +   p - +8 hunting sling of the Hungering Goat {venom, rPois Dex+3 Stlth-}
rCold   + . .      Faith    .   i - +1 kite shield
rNeg    + + +      Spirit   .   f - +2 plate armour {rC+}
rPois   ∞          Reflect  .   n - +0 helmet
rElec   .          Harm     .   j - +0 cloak
rCorr   .          Rampage  .   y - +0 pair of gloves
Will    +....                   (no boots)
Stlth   ..........              (no amulet)
HPRegen 0.00/turn               N - ring of see invisible
MPRegen 0.17/turn               O - ring of magical power

@: petrified, grasped by roots, constricted
A: damage resistance, heal wounds, sense surroundings 2, no regeneration
a: Heal Wounds, Renounce Religion, Upheaval, Elemental Force


You were on level 1 of the Swamp.
You worshipped Qazlal.
Qazlal was most pleased with you.
You visited 3 branches of the dungeon, and saw 13 of its levels.
You also visited: Sewer, Bailey and Ice Cave.

You collected 802 gold pieces.

Inventory:

Hand Weapons
 k - a +2 great sword
 p - the +8 hunting sling of the Hungering Goat (weapon) {venom, rPois Dex+3 Stlth-}
   (You found it on level 3 of the Dungeon)

   Any ammunition fired from it poisons the flesh of those it strikes.
   Dex:       It affects your dexterity (+3).
   rPois:     It protects you from poison.
   Stlth:     It makes you less stealthy.
 t - a +3 long sword of freezing
 z - a +2 spear of venom
 E - a +3 whip
 T - a +4 hand axe of venom
Missiles
 q - 59 stones (quivered ammo)
 B - 75 sling bullets
 F - a throwing net
 L - 106 arrows
Armour
 f - a +2 plate armour of cold resistance (worn)
 i - a +1 kite shield (worn)
 j - a +0 cloak (worn)
 n - a +0 helmet (worn)
 y - a +0 pair of gloves (worn)
Magical Staves
 A - a staff of earth
Jewellery
 a - a ring of protection from fire
 N - a ring of see invisible (left hand)
 O - a ring of magical power (right hand)
 X - a +6 ring of intelligence
 Y - a ring of resist corrosion
Wands
 c - a wand of paralysis (8)
 I - a wand of polymorph (7)
 R - a wand of iceblast (11)
 Z - a wand of flame (18)
Scrolls
 b - 2 scrolls of enchant armour
 g - 5 scrolls of teleportation
 l - 2 scrolls of magic mapping
 o - a scroll of vulnerability {unknown}
 r - a scroll of brand weapon
 s - 6 scrolls of enchant weapon
 x - 2 scrolls of fear
 G - a scroll of blinking
 K - a scroll of amnesia
 U - a scroll of summoning
 V - a scroll of torment {unknown}
Potions
 h - 4 potions of curing
 u - 2 potions of mutation {unknown}
 v - a potion of haste {unknown}
 w - 3 potions of flight
 D - a potion of lignification {unknown}
 H - a potion of ambrosia {unknown}
 J - a potion of invisibility {unknown}
 P - a potion of brilliance
Miscellaneous
 m - a condenser vane
 M - a piece from Xom's chessboard (15/15)


   Skills:
 - Level 6.9 Fighting
 * Level 12.9 Axes
 - Level 10.8 Slings
 - Level 4.3 Armour
 - Level 6.8 Dodging
 - Level 0.3 Stealth
 - Level 4.1 Shields
 * Level 17.5 Invocations
 + Level 0.1 Evocations


You had 12 spell levels left.
You didn't know any spells.
Your spell library contained the following spells:

 Spells                   Type           Power      Damage    Failure   Level
 Slow                     Hex            0%         N/A       100%        1
 Corpse Rot               Necr/Air       0%         N/A       100%        2
 Poisonous Vapours        Pois/Air       0%         N/A       100%        2
 Scorch                   Fire           0%         2d5       100%        2
 Confusing Touch          Hex            0%         N/A       100%        3
 Dazzling Flash           Conj/Hex       0%         N/A       100%        3
 Vampiric Draining        Necr           0%         2d6       100%        3
 Flame Wave               Conj/Fire      0%         2d4       100%        4
 Iskenderun's Mystic Bla  Conj/Tloc      0%         2d3       100%        4
 Starburst                Conj/Fire      0%         6d3       100%        6
 Summon Cactus Giant      Summ           0%         N/A       100%        6


Dungeon Overview and Level Annotations

Branches:
Dungeon (10/15)            Temple (0/1) D:5            Lair (2/6) D:10
  Swamp (1/4) Lair:2        Sewer (visited)          Bailey (visited)
  IceCv (visited)
  Snake: Lair:2-4    Spider: Lair:2-4       Orc: D:9-12

Altars:
Ashenzari
Cheibriados
Fedhas
Gozag
Makhleb
Qazlal
Ru
Trog
Uskayaw
Wu Jian
Xom
Yredelemnul
Zin
The Shining One

Shops:
D:5 **

Annotations:
D:3 1 runed translucent door
D:4 4 runed translucent doors, crazypyro's ghost, amateur MiFi
Swamp:1 Jorgrun


Innate Abilities, Weirdness & Mutations

You are resistant to damage.
You can heal yourself by infusing magical energy.
You passively map the area around you.
You do not regenerate.


Message History

You feel much better.
Your magical essence is drained by the effort!
You feel much better. Jorgrun gestures at you while chanting.
You block the iron shot.
You feel much better. The bunyip claws you!! The bunyip barely misses you.
You block the bunyip's attack.
Jorgrun points at you and mumbles some strange words.
You are slowing down.
You feel much better.
Jorgrun is struck by lightning.
You block Jorgrun's attack.
Your limbs are stiffening.
Your magical essence is drained by the effort!
You feel much better. Jorgrun casts a spell at you.
Roots burst forth from the earth!
The grasping roots grab you! The grasping roots constrict you!
The bunyip claws you! The bunyip claws you.
The bunyip claws you but does no damage.
Jorgrun points at you and mumbles some strange words.
You block the iron shot. The grasping roots constrict you!
You have turned to stone.
Jorgrun hits you with a staff of earth! The grasping roots constrict you!!
Jorgrun says, "Tha earth be me home, an' ye be trespassing!"
Jorgrun gestures at you while chanting. You resist with significant effort.
The grasping roots constrict you! The bunyip claws you!!
The bunyip claws you but does no damage. x2
Jorgrun says, "'tis place shall be yer tomb!"
Jorgrun hits you but does no damage. The grasping roots constrict you!
Jorgrun points at you and mumbles some strange words.
The iron shot hits you! The grasping roots constrict you!!
Jorgrun says, "'tis place shall be yer tomb!"
Jorgrun hits you with a staff of earth. The grasping roots constrict you!!
* * * LOW HITPOINT WARNING * * *
Jorgrun seems less brilliant.
The bunyip claws you!!
* * * LOW HITPOINT WARNING * * *
The bunyip claws you!!
* * * LOW HITPOINT WARNING * * *
The bunyip claws you!
You die...

, ** * * ♣♣≈(≈.....§≈ ,
≈ ♣♣,≈* ♣♣≈(.♣≈..≈...*
≈,.. ♣.♣ ♣♣.≈≈..♣....≈≈
≈..♣..♣♣♣♣♣..≈≈≈....≈.≈.
*
≈....♣.(♣♣....≈≈§≈≈.≈.≈≈
* ♣..≈≈(.(.≈§÷<.≈≈≈≈≈≈≈≈
* ♣≈♣≈≈≈≈≈>♣≈≈(.♣.♣♣♣≈≈≈
* ≈♣♣.≈>≈≈≈(♣x♣♣.≈≈≈ ≈.
* * ≈ ♣♣♣...§≈(@♣ ≈≈.≈ ♣
, * ♣♣≈.≈≈g♣♣ ♣.≈≈≈.* ,
, ♣.≈.≈≈≈♣ ≈≈≈≈. * ≈ *
♣♣..≈.♣≈. ≈≈♣♣≈ *
♣♣.≈..≈. , , ≈≈, * ,*
♣....≈ ,,,, , ♣... ≈, ,
* ,, ** ♣.. , ,, *, *
≈,, , , ≈ *


You could see Jorgrun and a bunyip.

Vanquished Creatures
  An eleionoma (Swamp:1)
  A bunyip (Lair:2)
  5 hydras
  A two-headed ogre (Bailey)
  2 alligators
  Nergalle (Lair:2)
  A goliath frog (Swamp:1)
  A bog body (Lair:2)
  Pikel (D:7)
  2 swamp dragons (Lair:2)
  5 elephants (Lair:2)
  A gargoyle (D:10)
  A torpor snail (Lair:2)
  2 black mambas (Lair:1)
  4 cane toads
  3 komodo dragons (Lair:1)
  2 anaconda simulacra (IceCv)
  2 trolls (D:9)
  A tyrant leech (Swamp:1)
  6 blink frogs
  2 dream sheep (Lair:2)
  12 spriggans
  18 yaks
  A wraith (D:9)
  4 wyverns
  2 basilisks
  2 dire elephant simulacra (IceCv)
  2 steam dragons
  4 swamp worms (Lair:2)
  A harpy simulacrum (IceCv)
  10 water moccasins
  2 orc warriors
  2 sky beasts
  The ghost of BeavisTheGrey the Skirmisher, an amateur HOFi (D:3)
  2 centaurs
  4 black bears
  A necrophage (D:4)
  14 ogres
  6 wolves
  2 lemures (D:7)
  A phantom (D:5)
  A kobold brigand (D:9)
  A gnoll sergeant (D:8)
  3 bullfrogs
  3 cane toad simulacra (IceCv)
  A wyvern zombie (D:8)
  2 scorpions (D:5)
  3 two-headed ogre simulacra (IceCv)
  10 wights
  10 killer bees
  An electric eel (Lair:2)
  An elephant simulacrum (IceCv)
  4 howler monkeys
  A jelly (D:7)
  4 centaur zombies
  A gnoll shaman (D:5)
  A human zombie (D:4)
  2 orc priests
  A bullfrog skeleton (D:4)
  4 hounds
  Jessica (D:3)
  4 iguanas
  Terence (D:3)
  2 orc wizards
  4 spriggan simulacra (IceCv)
  A hell rat (Sewer)
  3 troll simulacra (IceCv)
  A wolf simulacrum (IceCv)
  Robin (D:3)
  A howler monkey zombie (D:8)
  12 gnolls
  10 adders
  12 naga simulacra (IceCv)
  2 river rats
  7 white imps
  8 ufetubi (IceCv)
  An adder zombie (D:4)
  An adder skeleton (D:4)
  6 worms
  A dart slug (D:4)
  18 orcs
  5 ball pythons
  5 endoplasms
  A giant cockroach (D:4)
  16 goblins
  7 hobgoblins
  3 quokkas
  7 bats
  6 frilled lizards
  15 kobolds
  15 rats
  A butterfly (D:6)
368 creatures vanquished.

Vanquished Creatures (collateral kills)
  A polar bear simulacrum (IceCv)
  A spriggan simulacrum (IceCv)
2 creatures vanquished.

Vanquished Creatures (others)
  7 fungi
  20 plants
27 creatures vanquished.

Grand Total: 397 creatures vanquished

Notes
Turn   | Place    | Note
-------+----------+-------------------------------------------
     0 | D:1      | cayde69 the Deep Dwarf Fighter began the quest for the Orb.
     0 | D:1      | Reached XP level 1. HP: 20/20 MP: 1/1
   352 | D:1      | Reached XP level 2. HP: 27/27 MP: 2/2
   448 | D:1      | Found a faded altar of an unknown god.
   846 | D:2      | Reached skill level 1 in Dodging
   846 | D:2      | Reached XP level 3. HP: 30/34 MP: 3/3
  1383 | D:3      | Noticed Robin
  1397 | D:3      | Reached XP level 4. HP: 21/42 MP: 4/4
  1404 | D:3      | Killed Robin
  1465 | D:3      | Noticed Jessica
  1482 | D:3      | Killed Jessica
  1483 | D:3      | Reached XP level 5. HP: 20/49 MP: 5/5
  1526 | D:3      | Identified the +8 hunting sling of the Hungering Goat
                  | {venom, rPois Dex+3 Stlth-}
  1849 | D:3      | Found a runed translucent door.
  1850 | D:3      | Noticed BeavisTheGrey's ghost (amateur HOFi)
  1852 | D:3      | Noticed Terence
  1858 | D:3      | Killed Terence
  1874 | D:3      | Found a broken altar of Ashenzari.
  1969 | D:3      | Found a runed translucent door.
  2358 | D:3      | Killed BeavisTheGrey's ghost
  2359 | D:3      | Reached skill level 1 in Slings
  2359 | D:3      | Reached XP level 6. HP: 44/56 MP: 6/6
  2470 | D:4      | Noticed a human
  2472 | D:4      | Found a runed translucent door.
  2484 | D:4      | Found a basalt altar of Yredelemnul.
  2642 | D:4      | Found a glowing drain.
  2850 | Sewer    | Entered a sewer
  2917 | Sewer    | Reached XP level 7. HP: 61/63 MP: 7/7
  3138 | D:4      | Found a runed translucent gate.
  3138 | D:4      | Found a runed translucent gate.
  3138 | D:4      | Found a runed translucent gate.
  3139 | D:4      | Found an opulent altar of Gozag.
  3140 | D:4      | Noticed crazypyro's ghost (amateur MiFi)
  3285 | D:4      | Found a stormy altar of Qazlal.
  3294 | D:4      | Became a worshipper of Qazlal Stormbringer
  3611 | D:5      | Entered Level 5 of the Dungeon
  3663 | D:5      | Reached skill level 1 in Invocations
  3741 | D:5      | Found a glowing golden altar of the Shining One.
  3756 | D:5      | Reached skill level 5 in Slings
  3813 | D:5      | Reached skill level 2 in Invocations
  3889 | D:5      | Found Irestra's Specific Store.
  3893 | D:5      | Found Taimn's General Store.
  3922 | D:5      | Reached XP level 8. HP: 50/73 MP: 9/9
  3982 | D:5      | Found a staircase to the Ecumenical Temple.
  4120 | D:5      | Found a bloodstained altar of Trog.
  4263 | D:5      | Reached skill level 3 in Invocations
  4295 | D:5      | Found a shimmering altar of Xom.
  4964 | D:6      | Reached skill level 5 in Dodging
  4964 | D:6      | Reached skill level 4 in Invocations
  5089 | D:6      | Reached * piety under Qazlal
  5091 | D:6      | Reached skill level 5 in Fighting
  5094 | D:6      | Gained mutation: You passively map the area around you.
                  | [Deep Dwarf growth]
  5094 | D:6      | Reached XP level 9. HP: 35/81 MP: 11/11
  5097 | D:6      | HP: 3/81 [ogre (25)]
  5707 | D:7      | Found a glowing silver altar of Zin.
  5752 | D:7      | Found a flagged portal.
  5809 | Bailey   | Entered a bailey
  5829 | Bailey   | Reached skill level 5 in Invocations
  5905 | Bailey   | Noticed a two-headed ogre
  5911 | Bailey   | Reached ** piety under Qazlal
  5912 | Bailey   | Reached skill level 6 in Invocations
  5920 | Bailey   | Killed a two-headed ogre
  5921 | Bailey   | Reached skill level 10 in Slings
  5921 | Bailey   | Reached XP level 10. HP: 73/92 MP: 12/12
  6206 | D:7      | Found a snail-covered altar of Cheibriados.
  6411 | D:7      | Noticed Pikel
  6427 | D:7      | Killed Pikel
  6796 | D:8      | Found a hide-covered altar of Uskayaw.
  6975 | D:8      | Reached skill level 7 in Invocations
  7187 | D:9      | Found an ornate altar of the Wu Jian Council.
  7302 | D:9      | Found a burning altar of Makhleb.
  7385 | D:9      | Reached skill level 5 in Axes
  7515 | D:9      | Found a sacrificial altar of Ru.
  7527 | D:9      | Reached skill level 8 in Invocations
  7931 | D:9      | Found a blossoming altar of Fedhas.
  8191 | D:9      | Noticed a cacodemon
  8195 | D:9      | Noticed an orange demon
  8195 | D:9      | Noticed a smoke demon
  8422 | D:10     | Entered Level 10 of the Dungeon
  8744 | D:10     | Reached skill level 9 in Invocations
  9031 | D:10     | Reached XP level 11. HP: 68/99 MP: 16/16
  9388 | D:10     | Reached skill level 10 in Invocations
  9427 | D:10     | Found a staircase to the Lair.
  9811 | Lair:1   | Entered Level 1 of the Lair of Beasts
  9906 | Lair:1   | Reached skill level 11 in Invocations
  9991 | Lair:1   | Reached *** piety under Qazlal
 10364 | Lair:1   | Reached skill level 12 in Invocations
 10445 | Lair:1   | Noticed a four-headed hydra
 10449 | Lair:1   | Reached skill level 10 in Axes
 10460 | Lair:1   | Killed a four-headed hydra
 10736 | Lair:1   | Reached XP level 12. HP: 72/106 MP: 18/18
 10762 | Lair:1   | Identified the +1 ring mail of Tartarus {Harm Will++ Str+10
                  | Dex-5}
 10900 | Lair:2   | Reached skill level 13 in Invocations
 10981 | Lair:2   | Noticed a four-headed hydra
 10989 | Lair:2   | Killed a four-headed hydra
 11052 | Lair:2   | Reached skill level 14 in Invocations
 11159 | Lair:2   | Noticed Nergalle
 11166 | Lair:2   | Killed Nergalle
 11242 | Lair:2   | Found a frozen archway.
 11260 | IceCv    | Entered an ice cave
 11628 | IceCv    | Reached **** piety under Qazlal
 11640 | IceCv    | Reached skill level 15 in Invocations
 11818 | IceCv    | Noticed a reaper
 12061 | Lair:2   | Noticed a four-headed hydra
 12062 | Lair:2   | Noticed a seven-headed hydra
 12071 | Lair:2   | Killed a four-headed hydra
 12074 | Lair:2   | Killed a seven-headed hydra
 12115 | Lair:2   | Reached skill level 16 in Invocations
 12596 | Lair:2   | Found a staircase to the Swamp.
 12612 | Swamp:1  | Entered Level 1 of the Swamp
 12612 | Swamp:1  | Noticed an alligator
 12614 | Swamp:1  | Noticed an alligator
 12622 | Swamp:1  | Killed an alligator
 12648 | Lair:2   | Killed an alligator
 12649 | Lair:2   | Reached XP level 13. HP: 68/114 MP: 18/18
 12689 | Swamp:1  | Noticed a bunyip
 12750 | Lair:2   | Killed a bunyip
 12751 | Lair:2   | Reached skill level 17 in Invocations
 12806 | Swamp:1  | Noticed a bunyip
 12826 | Swamp:1  | Noticed an eleionoma
 12835 | Swamp:1  | Killed an eleionoma
 12838 | Swamp:1  | Noticed Jorgrun
 12858 | Swamp:1  | HP: 2/114 [bunyip (12)]
 12858 | Swamp:1  | Slain by a bunyip

Illustrated notes

Levels and vault maps discovered:
D:1:      dpeg_cavernosity, layout_basic, chequers_ecumenical_altar_simple
D:2:      layout_loops_ring
D:3:      minmay_spotlight, layout_loops_ring, lemuel_round_altar,
          ebering_ghost_sewer_f, uniq_terence, uniq_jessica, uniq_robin
D:4:      layout_rooms, dk_yredelemnul_ordeal,
          mainiacjoe_overflow_surrounded_room, ebering_ghost_gozag,
          portal_sewer_entry_e, grunt_tough_drop
D:5:      layout_loops_corners, mainiacjoe_overflow_alcove_2, xom_butterflies,
          trog_three_pillars_becter, minmay_temple_entry_overgrown, st_stairs_1,
          nicolae_specific_store
D:6:      layout_basic
D:7:      layout_layer_cave, nicolae_overflow_hidden_temple,
          mainiacjoe_overflow_tiny_flanked, enter_bailey_1, uniq_pikel
D:8:      layout_basic, mainiacjoe_overflow_six_doors_small
D:9:      layout_basic, lemuel_coloured_pillars_altar, lemuel_tele_altar,
          makhleb_altar_promises_db, mainiacjoe_overflow_24_doors,
          nicolae_straight_to_the_point
D:10:     layout_irregular_city, minmay_lair_entry_grove, nicolae_wwwww,
          kennysheep_small_circle
Lair:1:   kb_forest_paths, layout_chaotic_city, lemuel_fruit_tree
Lair:2:   layout_chaotic_city, palyth_hydra_swamp_entry,
          nicolae_volcano_entry_s_turn, portal_ice_cave_entry_pillars_2,
          serial_bayou_shore_b, grunt_megastairs_3, infiniplex_staircase_pool,
          serial_bayou_shore_b, uniq_nergalle
Swamp:1:  layout_falls_marsh, nicolae_swamp_little_tower, swamp_pool1,
          nicolae_swamp_trees_clearing, uniq_jorgrun, uniq_mlioglotl

Skill      XL: |  1  2  3  4  5  6  7  8  9 10 11 12 13 |
---------------+----------------------------------------+-----
Fighting       | 3 4 5 6 |  6.9
Dodging        | 1 2 3 4 5 6 |  6.8
Axes           | 3 4 7 10 12 | 12.9
Armour         | 4 |  4.3
Slings         | 1 3 5 8 10 | 10.8
Shields        | 4 |  4.1
Invocations    | 2 4 6 9 12 16 17 | 17.5
Stealth        | |  0.3
Evocations     | |  0.1

Action                   |  1- 3 |  4- 6 |  7- 9 | 10-12 | 13-15 || total
-------------------------+-------+-------+-------+-------+-------++-------
Melee: War axe           |   113 |    45 |       |       |       ||   158
       Hunting sling     |       |       |    16 |       |       ||    16
 Fire: Hunting sling     |       |    96 |   226 |   904 |    87 ||  1313
Invok: Upheaval          |       |       |     1 |    16 |       ||    17
       Elemental Force   |       |       |       |     2 |     1 ||     3
 Abil: Heal Wounds       |       |     3 |    13 |    33 |    24 ||    73
Evoke: Wand              |       |       |     1 |       |       ||     1
  Use: Potion            |       |       |     2 |     4 |       ||     6
       Scroll            |       |       |       |    14 |       ||    14
Armor: Scale mail        |    53 |    48 |    10 |       |       ||   111
       Plate armour      |       |       |    19 |   210 |    35 ||   264
Dodge: Dodged            |    50 |    27 |    25 |   121 |    16 ||   239
Block: Buckler           |     7 |       |       |       |       ||     7
       Kite shield       |    54 |    51 |    59 |   335 |    60 ||   559
